 Dungeon Crawl Stone Soup version 0.27-a0-637-g3a9f0a9c12 (webtiles) character file.

Game seed: 2292043115194758682

66 jestyr24 the Vandal (level 4, -5/29 HPs)
             Began as a Halfling Hunter on Mar 15, 2021.
             Slain by a worm (8 damage)
             ... on level 2 of the Dungeon.
             The game lasted 00:10:45 (1416 turns).

jestyr24 the Vandal (Halfling Hunter)               Turns: 1416, Time: 00:10:45

Health: -5/29      AC:  5    Str: 13    XL:     4   Next: 37%
Magic:  4/4        EV: 13    Int:  9    God:
Gold:   141        SH:  0    Dex: 15    Spells: 3/3 levels left

rFire    . . .     SeeInvis .   b - +0 short sword
rCold    . . .     Faith    .   (shield restricted)
rNeg     . . .     Spirit   .   e - +0 ring mail
rPois    .         Reflect  .   (no helmet)
rElec    .         Harm     .   (no cloak)
rCorr    .         Rampage  .   (no gloves)
Will     .....                  (no boots)
Stlth    +.........             (no amulet)
HPRegen  0.09/turn              (no ring)
MPRegen  0.09/turn              (no ring)

@: no status effects
A: small, no large weapons, mutation resistance 1
a: no special abilities


You were on level 2 of the Dungeon.
You visited 1 branch of the dungeon, and saw 2 of its levels.

You collected 141 gold pieces.

Inventory:

Hand Weapons
 a - a +1 hunting sling
 b - a +0 short sword (weapon)
Missiles
 d - 20 sling bullets
 f - 3 stones (quivered)
Armour
 c - a +0 leather armour
 e - a +0 ring mail (worn)
Scrolls
 h - a scroll of blinking {unknown}
 j - 3 scrolls of magic mapping {unknown}
 l - a scroll of enchant armour {unknown}
Potions
 g - a potion of resistance {unknown}
 i - a potion of might {unknown}
 k - 2 potions of attraction {unknown}
 m - a potion of heal wounds {unknown}


   Skills:
 + Level 2.0 Fighting
 + Level 7.7 Slings
 + Level 0.5 Armour
 + Level 2.3 Dodging
 + Level 1.3 Stealth


You had 3 spell levels left.
You didn't know any spells.
Your spell library was empty.

Dungeon Overview and Level Annotations

Branches:
Dungeon (2/15)

Altars:
Makhleb


Innate Abilities, Weirdness & Mutations

You are small and have problems with some larger weapons.
You are somewhat resistant to further mutation.


Message History

The jackal bites you but does no damage.
You completely miss the jackal.
The jackal is severely wounded.
The jackal bites you but does no damage.
The jackal bites you.
You hit the jackal but do no damage.
The jackal is severely wounded.
The jackal barely misses you.
You hit the jackal.
You kill the jackal!
You hit the worm but do no damage. The worm bites you.
You hit the worm.
The worm is moderately wounded.
You completely miss the worm.
The worm is moderately wounded.
The worm barely misses you.
You hit the worm.
The worm is heavily wounded.
The worm closely misses you.
You hit the worm but do no damage.
The worm is heavily wounded.
The worm bites you.
You barely miss the worm.
The worm is heavily wounded.
You barely miss the worm.
The worm is heavily wounded.
The worm barely misses you.
You hit the worm.
The worm is heavily wounded.
The worm bites you.
You completely miss the worm.
The worm is heavily wounded.
You hit the worm.
The worm is heavily wounded.
The worm bites you.
* * * LOW HITPOINT WARNING * * *
You barely miss the worm.
The worm is heavily wounded.
The worm bites you!
You die...

### ###########..
#.........#.#
###.......!.#.###..#
<..........@wK......
#.........##.###..
#.........# #
#####.######.
.###### ##..# .###
......####...# ...
#####......#.# #..
##.^##...# #..##
##..##..# ...#


You could see a worm and a kobold.

Vanquished Creatures
  An adder (D:2)
  2 worms (D:2)
  4 dart slugs (D:1)
  2 leopard geckos
  4 bats
  3 giant cockroaches (D:1)
  5 hobgoblins
  4 jackals (D:2)
  3 frilled lizards
  3 goblins
  4 kobolds
  4 rats
39 creatures vanquished.

Notes
Turn   | Place    | Note
-------+----------+-------------------------------------------
     0 | D:1      | jestyr24 the Halfling Hunter began the quest for the Orb.
     0 | D:1      | Reached XP level 1. HP: 14/14 MP: 1/1
   116 | D:1      | Reached skill level 6 in Slings
   240 | D:1      | Reached XP level 2. HP: 19/19 MP: 2/2
   445 | D:1      | Reached XP level 3. HP: 24/24 MP: 3/3
   572 | D:1      | Reached skill level 7 in Slings
  1162 | D:2      | Found a burning altar of Makhleb.
  1186 | D:2      | Reached XP level 4. HP: 29/29 MP: 4/4
  1416 | D:2      | Slain by a worm

Illustrated notes

Levels and vault maps discovered:
D:1:      minmay_arrival_open_corners, layout_basic, kennysheep_doodads
D:2:      layout_rooms, overflow_temple_1_default, fountainhead,
          minmay_pentomino_r2

Skill      XL: |  1  2  3 |
---------------+----------+-----
Slings         | 6 7 |  7.7
Fighting       | 2 |  2.0
Armour         | |  0.5
Dodging        | |  2.3
Stealth        | |  1.3

Action                   |  1- 3 |  4- 6 || total
-------------------------+-------+-------++-------
Melee: Short sword       |       |    32 ||    32
 Fire: Hunting sling     |    85 |    19 ||   104
Armor: Ring mail         |     7 |    14 ||    21
Dodge: Dodged            |    18 |    11 ||    29

Table legend: (Time is in decaauts)
 A = Elapsed time spent in this place.
 B = Non-inter-level travel time spent in this place.
 C = Inter-level travel time spent in this place.
 D = Time resting spent in this place.
 E = Time spent auto-exploring this place.
 F = Levels seen in this place.
 G = Mean time per level.
                   A        B        C        D        E       F      G
               +--------+--------+--------+--------+--------+-----+--------+
         Total |   1404 |   1354 |     50 |      0 |   1030 |   2 |  702.0 |
       Dungeon |   1404 |   1354 |     50 |      0 |   1030 |   2 |  702.0 |
               +--------+--------+--------+--------+--------+-----+--------+

Top non-repeatable levels by time:
     D:1: 1107 daAuts
     D:2: 297 daAuts
